 Dungeon Sprint DCSS version 0.21-a0-278-ga722497 (webtiles) character file.

1238 Kidiri the Thaumaturge (level 8, -7/48 HPs)
             Began as a Deep Elf Fire Elementalist on Sept 21, 2017.
             Was a Believer of Vehumet.
             Mangled by Snorg (25 damage)
             ... in the Dungeon (Sprint III: "The Ten Rune Challenge").
             The game lasted 00:06:29 (1313 turns).

Kidiri the Thaumaturge (Deep Elf Fire Elementalist) Turns: 1313, Time: 00:06:29

Health: -7/48      AC:  3    Str:  5    XL:     8   Next: 25%
Magic:  4/27       EV: 16    Int: 23    God:    Vehumet [**....]
Gold:   26         SH:  0    Dex: 15    Spells: 14/34 levels left

rFire    . . .     SeeInvis .   t - +0 dagger
rCold    . . .     Gourm    .   (no shield)
rNeg     . . .     Faith    .   a - +0 robe
rPois    .         Spirit   .   (helmet restricted)
rElec    .         Reflect  .   j - +0 cloak
rCorr    .         Harm     .   (no gloves)
MR       .....     NoTele   +   (no boots)
Stlth    ++........             (no amulet)
HPRegen  0.16/turn              (no ring)
MPRegen  0.20/turn              (no ring)

@: no status effects
A: horns 1, evolution 1
a: Renounce Religion


You were in the Dungeon.
You worshipped Vehumet.
Vehumet was pleased with you.
You were not hungry.

You visited 1 branch You collected 26 gold pieces.

Inventory:

Hand Weapons
 t - a +0 dagger (weapon)
Armour
 a - a +0 robe (worn)
 j - a +0 cloak (worn)
Wands
 w - a wand of acid (9/15)
Scrolls
 e - a scroll of immolation
 i - a scroll of blinking
 l - a scroll of identify
 m - 3 scrolls of remove curse
 o - a scroll of holy word
Potions
 b - a potion of heal wounds
 d - 3 potions of curing
 f - a potion of haste
 g - 2 potions of magic
 h - a potion of berserk rage
 k - a potion of might
 q - 2 potions of flight
 r - 2 potions of mutation
Comestibles
 c - a bread ration
 n - 2 royal jellies


   Skills:
 + Level 4.2 Fighting
 + Level 5.1 Short Blades
 + Level 4.2 Armour
 + Level 6.8 Dodging
 - Level 2.4 Stealth
 * Level 13.5 Spellcasting
 + Level 8.1 Conjurations
 + Level 8.8 Fire Magic
 + Level 1.6 Ice Magic


You had 14 spell levels left.
You knew the following spells:

 Your Spells              Type           Power        Failure   Level  Hunger
a - Flame Tongue          Conj/Fire      #####        1%          1    None
b - Throw Flame           Conj/Fire      ######       1%          2    None
c - Conjure Flame         Conj/Fire      ######..     1%          3    None
d - Inner Flame           Hex/Fire       #####...     1%          3    None
e - Sticky Flame          Conj/Fire      ######..     1%          4    None
f - Fireball              Conj/Fire      ######....   3%          5    ###....
g - Throw Frost           Conj/Ice       #####.       1%          2    None


Dungeon Overview and Level Annotations

Branches:
Dungeon (1/1)

Altars:
Cheibriados
Dithmenos
Elyvilon
Fedhas
Gozag
Hepliaklqana
Kikubaaqudgha
Makhleb
Nemelex Xobeh
Okawaru
Qazlal
Ru
Sif Muna
Trog
Uskayaw
Vehumet
Wu Jian
Xom
Yredelemnul
Zin
The Shining One
Beogh
Jiyva
Lugonu

Annotations:
D exclusion: door, Snorg


Innate Abilities, Weirdness & Mutations

You have a pair of small horns on your head.
You evolve.


Message History

That beam is likely to hit you.
Continue anyway?
Okay, then.
Unknown command.
Casting: Fireball
Confirm with . or Enter, or press ? or * to list all spells.
Aiming: Sticky Flame
Press: ? - help, Shift-Dir - straight line, f/p - Snorg
Aim: Snorg (severely wounded, berserk, fast, unusually strong)
The sticky flame hits Snorg.
Snorg is severely wounded.
Snorg is covered in liquid flames!
Snorg burns!
Snorg barely misses you. Snorg claws you! Snorg misses you.
Unknown command.
Snorg burns!
Snorg bites you. Snorg claws you! Snorg barely misses you.
There is an open door, spattered with blood here.
Unknown command.
Unknown command.
Snorg burns!
Snorg bites you!!
Ouch! That really hurt!
You die...

##.############
####..#___#___#__#
#..#..#..)#__)#[_#
#..#..###+#÷###+##
##+#..#..........#
###...'.⌠........#
###...#...######'#
##....#.⌠.#__#...#+#####
#.....#...#__#..@#.§§§≈+
......#+###__#..T#.#§§§#
#.....#.:.#__#...'.#.§.#
##....#___#__+...#.#.. #
▓▓▓▓▓▓▓▓▓▓▓▓▓▓▓▓▓▓▓▓▓▓


You could see Snorg (berserk).

Vanquished Creatures
  A deep elf mage (D)
  A shadow (D)
  A spatial vortex (D)
  A necrophage (D)
  A water elemental (D)
  A jelly (D)
  Crazy Yiuf (D)
  A wizard (D)
  A necromancer (D)
  3 humans (D)
  A kobold demonologist (D)
  An ooze (D)
  3 rats (D)
17 creatures vanquished.

Vanquished Creatures (others)
  2 draconian scorchers (D)
  A yaktaur (D)
  6 hellions (D)
  2 plants (D)
11 creatures vanquished.

Grand Total: 28 creatures vanquished

Notes
Turn   | Place    | Note
-------+----------+-------------------------------------------
     0 | D        | Kidiri the Deep Elf Fire Elementalist began the quest for the Orb.
     0 | D        | Reached XP level 1. HP: 10/10 MP: 6/6
     9 | D        | Reached skill level 4 in Spellcasting
    97 | D        | Noticed Crazy Yiuf
    99 | D        | Killed a hellion
   101 | D        | Killed a hellion
   103 | D        | Killed Crazy Yiuf
   103 | D        | Reached skill level 6 in Spellcasting
   103 | D        | Reached XP level 2. HP: 15/15 MP: 6/11
   103 | D        | Reached XP level 3. HP: 19/19 MP: 7/13
   107 | D        | Learned a level 2 spell: Throw Flame
   111 | D        | Learned a level 3 spell: Conjure Flame
   113 | D        | Killed a hellion
   115 | D        | Learned a level 3 spell: Inner Flame
   142 | D        | Killed a hellion
   164 | D        | Reached skill level 7 in Spellcasting
   164 | D        | Reached skill level 5 in Fire Magic
   186 | D        | Gained mutation: You are clumsy. (Dex -2) [potion of mutation]
   186 | D        | Gained mutation: You expend magic power (3 MP) to strengthen your wands. [potion of mutation]
   186 | D        | Gained mutation: You have large cloven feet. [potion of mutation]
   186 | D        | Lost mutation: You are clumsy. (Dex -2) [potion of mutation]
   187 | D        | Lost mutation: You have large cloven feet. [potion of mutation]
   187 | D        | Lost mutation: You expend magic power (3 MP) to strengthen your wands. [potion of mutation]
   187 | D        | Gained mutation: Your muscles are strong. (Str +2) [potion of mutation]
   187 | D        | Gained mutation: You have large cloven feet. [potion of mutation]
   190 | D        | Lost mutation: You have large cloven feet. [potion of mutation]
   190 | D        | Lost mutation: Your muscles are strong. (Str +2) [potion of mutation]
   190 | D        | Gained mutation: You evolve. [potion of mutation]
   190 | D        | Gained mutation: You are frail. (-10% HP) [potion of mutation]
   190 | D        | Gained mutation: You have a pair of small horns on your head. [potion of mutation]
   221 | D        | Killed a yaktaur
   236 | D        | Killed a white draconian scorcher
   240 | D        | Killed a hellion
   244 | D        | Killed a white draconian scorcher
   279 | D        | Killed a hellion
   481 | D        | Noticed a water elemental
   488 | D        | Killed a water elemental
   488 | D        | Reached skill level 9 in Spellcasting
   488 | D        | Reached XP level 4. HP: 4/21 MP: 9/17
   498 | D        | Learned a level 4 spell: Sticky Flame
   731 | D        | Found a radiant altar of Vehumet.
   732 | D        | Found a deep blue altar of Sif Muna.
   732 | D        | Found an ancient bone altar of Kikubaaqudgha.
   732 | D        | Noticed a wizard
   736 | D        | Reached skill level 5 in Conjurations
   736 | D        | Killed a wizard
   736 | D        | Reached skill level 10 in Spellcasting
   736 | D        | Reached XP level 5. HP: 22/25 MP: 8/19
   752 | D        | Learned a level 5 spell: Fireball
   757 | D        | Became a worshipper of Vehumet
   803 | D        | Found a glowing silver altar of Zin.
   804 | D        | Found a glowing golden altar of the Shining One.
   804 | D        | Found a white marble altar of Elyvilon.
   804 | D        | Noticed a deep elf mage
   811 | D        | Killed a deep elf mage
   811 | D        | Reached skill level 5 in Dodging
   811 | D        | Reached skill level 12 in Spellcasting
   811 | D        | Reached XP level 6. HP: 31/33 MP: 16/23
   811 | D        | Reached XP level 7. HP: 34/36 MP: 16/24
   850 | D        | Found an ornate altar of the Wu Jian Council.
   850 | D        | Found a roughly hewn altar of Beogh.
   850 | D        | Found an iron altar of Okawaru.
   850 | D        | Found a bloodstained altar of Trog.
   850 | D        | Found a hide-covered altar of Uskayaw.
   850 | D        | Noticed a human
   854 | D        | Noticed a human
   857 | D        | Killed a human
   864 | D        | Killed a human
   864 | D        | Reached * piety under Vehumet
   864 | D        | Offered knowledge of Freeze by Vehumet.
   939 | D        | Lost mutation: You are frail. (-10% HP) [evolution]
   973 | D        | Found a basalt altar of Yredelemnul.
   973 | D        | Found a shadowy altar of Dithmenos.
   973 | D        | Found a sacrificial altar of Ru.
   979 | D        | Reached skill level 13 in Spellcasting
  1014 | D        | Noticed a shadow
  1029 | D        | Reached ** piety under Vehumet
  1029 | D        | Offered knowledge of Throw Frost by Vehumet.
  1037 | D        | Learned a level 2 spell: Throw Frost
  1043 | D        | Killed a shadow
  1043 | D        | Reached skill level 1 in Ice Magic
  1043 | D        | Reached XP level 8. HP: 23/48 MP: 15/27
  1195 | D        | Found a blossoming altar of Fedhas.
  1195 | D        | Found a stormy altar of Qazlal.
  1195 | D        | Found a snail-covered altar of Cheibriados.
  1195 | D        | Found a burning altar of Makhleb.
  1195 | D        | Found a shimmering altar of Xom.
  1196 | D        | Found a hazy altar of Hepliaklqana.
  1196 | D        | Found an opulent altar of Gozag.
  1196 | D        | Found a sparkling altar of Nemelex Xobeh.
  1196 | D        | Found a corrupted altar of Lugonu.
  1196 | D        | Found a viscous altar of Jiyva.
  1217 | D        | Reached skill level 5 in Short Blades
  1306 | D        | Noticed Snorg
  1313 | D        | Mangled by Snorg

Vault maps used:
D:        dungeon_sprint_mu

Skill      XL: |  1  2  3  4  5  6  7  8 |
---------------+-------------------------+-----
Spellcasting   | 6 9 10 12 13 | 13.5
Conjurations   | 3 4 5 7 8 |  8.1
Fire Magic     | 4 6 7 8 |  8.8
Fighting       | 3 4 |  4.2
Short Blades   | 3 4 5 |  5.1
Armour         | 3 4 |  4.2
Dodging        | 5 6 |  6.8
Ice Magic      | 1 |  1.6
Stealth        | |  2.4

Action                   |  1- 3 |  4- 6 |  7- 9 || total
-------------------------+-------+-------+-------++-------
Melee: Dagger            |       |     1 |       ||     1
 Cast: Flame Tongue      |    21 |     2 |    40 ||    63
       Sticky Flame      |       |     3 |     4 ||     7
       Conjure Flame     |       |       |     3 ||     3
       Inner Flame       |       |       |     2 ||     2
       Fireball          |       |       |     4 ||     4
  Use: Potion            |     4 |       |       ||     4
       Scroll            |     2 |       |       ||     2
 Stab: Sleeping          |       |     1 |       ||     1
  Eat: Fruit             |       |       |     4 ||     4
Armor: Robe              |       |       |     1 ||     1
Dodge: Dodged            |    10 |     6 |     8 ||    24

Table legend:
 A = Spawn XP
 B = Non-spawn XP
 C = Spawn XP percentage of total XP
 D = Spawn monster count
 E = Non-spawn monster count
 F = Spawn count percentage of total count
 G = Total turns spent on level
                    A         B        C        D         E        F      G
               +---------+---------+-------+---------+---------+-------+---------
         Total |       0 |    1769 |   0.0 |       0 |      17 |   0.0 |  1313
               +---------+---------+-------+---------+---------+-------+---------
             D |       0 |    1769 |   0.0 |       0 |      17 |   0.0 |  1313
               +---------+---------+-------+---------+---------+-------+---------
